 Dungeon Crawl Stone Soup version 0.26.1-11-gd32895ea62 (webtiles) character file.

Game seed: 18200390098169734255

78 Arcadio the Sneak (level 4, -2/29 HPs)
             Began as an Octopode Brigand on May 22, 2021.
             Slain by a gnoll
             ... wielding a +0 spear
              (8 damage)
             ... on level 6 of the Dungeon.
             The game lasted 00:02:42 (2129 turns).

Arcadio the Sneak (Octopode Brigand)                Turns: 2129, Time: 00:02:43

Health: -2/29      AC:  1    Str: 10    XL:     4   Next: 36%
Magic:  4/4        EV: 13    Int: 13    God:
Gold:   117        SH:  0    Dex: 14    Spells: 3/3 levels left

rFire    . . .     SeeInvis .   a - +2 dagger
rCold    . . .     Faith    .   (no shield)
rNeg     . . .     Spirit   .   (helmet restricted)
rPois    .         Reflect  .   (no amulet)
rElec    .         Harm     .   (no ring)
rCorr    .         Rampage  .   (no ring)
Will     .....                  (no ring)
Stlth    ++++......             (no ring)
HPRegen  0.09/turn              (no ring)
MPRegen  0.09/turn              (no ring)
                                (no ring)
                                (no ring)

@: no status effects
A: almost no armour, stealthy swim, amphibious, 8 rings, constrict 8, camouflage
1, gelatinous body 1
a: no special abilities


You were on level 6 of the Dungeon.
You visited 1 branch of the dungeon, and saw 4 of its levels.

You collected 117 gold pieces.

Inventory:

Hand Weapons
 a - a +2 dagger (weapon)
 o - a +0 short sword of venom
Missiles
 b - 8 poisoned darts (quivered)
 c - 2 curare-tipped darts
Scrolls
 e - a scroll of fear {unknown}
 f - a scroll of fog {unknown}
 h - a scroll of blinking {unknown}
 j - a scroll of random uselessness {unknown}
 m - a scroll of remove curse
 n - 3 scrolls of magic mapping {unknown}
Potions
 d - a potion of haste
 i - 3 potions of curing
 k - a potion of cancellation
 l - a potion of invisibility
 p - a potion of brilliance


   Skills:
 - Level 2.0 Fighting
 + Level 3.4 Short Blades
 - Level 2.0 Throwing
 - Level 1.0 Dodging
 + Level 6.7 Stealth


You had 3 spell levels left.
You didn't know any spells.
Your spell library was empty.

Dungeon Overview and Level Annotations

Branches:
Dungeon (3/15)

Altars:
Okawaru
Sif Muna


Innate Abilities, Weirdness & Mutations

You cannot wear most types of armour.
You are very stealthy in the water. (Stealth+)
You are amphibious.
You can wear up to eight rings at the same time.
You can use your tentacles to constrict eight enemies at once.
Your skin changes colour to match your surroundings (Stealth+).
Your rubbery body absorbs attacks. (AC +1, EV +1)


Message History

The gnoll closely misses you.
Things that are here:
a +0 spear; a gnoll corpse You barely miss the gnoll.
You grab the gnoll.
The gnoll is lightly wounded.
You constrict the gnoll, but do no damage.
The gnoll closely misses you.
The gnoll hits you from afar with a +0 spear!
You hit the gnoll.
The gnoll is moderately wounded.
You constrict the gnoll, but do no damage.
The gnoll hits you.
The gnoll hits you from afar with a +0 spear.
* * * LOW HITPOINT WARNING * * *
You hit the gnoll.
You squeeze the gnoll, but do no damage.
The gnoll is heavily wounded.
You constrict the gnoll. The gnoll barely misses you.
The gnoll hits you from afar with a +0 spear!
You die...

# # . .
###.#####.
........
#.#...###
.......
#gg.# #g#
#@# #.#
#.# #.#
#.# #.#
#.# #.#
#..


You could see 3 gnolls.

Vanquished Creatures
  A gnoll (D:6)
  2 worms (D:3)
  3 dart slugs (D:1)
  4 leopard geckos
  4 bats
  4 giant cockroaches
  6 goblins
  5 hobgoblins
  4 jackals (D:1)
  A quokka (D:2)
  5 frilled lizards
  6 kobolds
  6 rats
51 creatures vanquished.

Notes
Turn   | Place    | Note
-------+----------+-------------------------------------------
     0 | D:1      | Arcadio the Octopode Brigand began the quest for the Orb.
     0 | D:1      | Reached XP level 1. HP: 14/14 MP: 1/1
   153 | D:1      | Reached XP level 2. HP: 19/19 MP: 2/2
   335 | D:1      | Reached skill level 6 in Stealth
   338 | D:1      | Reached XP level 3. HP: 20/24 MP: 3/3
  1444 | D:2      | Found an iron altar of Okawaru.
  1891 | D:3      | Found a shimmering blue altar of Sif Muna.
  1981 | D:3      | Reached XP level 4. HP: 23/29 MP: 4/4
  2114 | D:3      | You fall into a shaft and drop 3 floors!
  2129 | D:6      | Slain by a gnoll

Illustrated notes

Levels and vault maps discovered:
D:1:      lightli_arrival_chessboard, layout_basic
D:2:      layout_basic, lemuel_doored_altar, minmay_pentomino_z2
D:3:      layout_loops_ring, overflow_temple_1_default, uniq_grinder,
          uniq_sigmund
D:6:      layout_loops_corners, minmay_overflow_temple_hex

Skill      XL: |  1  2  3 |
---------------+----------+-----
Stealth        | 6 |  6.7
Short Blades   | 3 |  3.4
Fighting       | |  2.0
Throwing       | |  2.0
Dodging        | |  1.0

Action                   |  1- 3 |  4- 6 || total
-------------------------+-------+-------++-------
Melee: Dagger            |    64 |    15 ||    79
       Constrict         |    14 |     4 ||    18
       Tentacles         |    10 |     2 ||    12
  Use: Scroll            |     5 |       ||     5
       Potion            |     1 |       ||     1
 Stab: Sleeping          |    19 |     3 ||    22
Armor: Skin              |     5 |     1 ||     6
Dodge: Dodged            |    19 |     7 ||    26
